[Event "Titled Tuesday Blitz December 06 Early 2022"]
[White "Lewicki, Miroslaw"]
[Black "Galchenko, Matvey"]
[WhiteFideId "1113380"]
[BlackFideId "24175480"]
[WhiteElo "2191"]
[BlackElo "2404"]
[Result "1-0"]
[Round "02"]
[TimeControl "180+1"]
[Date "2022.12.06"]
[WhiteClock "0:00:06"]
[BlackClock "0:00:07"]

1. g3 d5 2. Bg2 Bf5 3. Nf3 c6 4. O-O Nd7 5. d3 e6 6. Re1 Ngf6 7. Nbd2 Nc5 8. c3 Be7 9. Nb3 O-O 10. Qc2 a5 11. Nxc5 Bxc5 12. e4 Bg6 13. Ne5 Bh5 14. d4 Be7 15. exd5 exd5 16. Bf4 Re8 17. h3 Bd6 18. Qb3 Ra7 19. g4 a4 20. Qd1 Bg6 21. Nxg6 hxg6 22. Be5 Bxe5 23. dxe5 Nd7 24. Qd4 Qb6 25. Qxb6 Nxb6 26. f4 g5 27. fxg5 Nc4 28. Re2 Rxe5 29. Rae1 Rxe2 30. Rxe2 Kf8 31. h4 Ra8 32. b3 axb3 33. axb3 Nd6 34. h5 Kg8 35. Re7 Ra1+ 36. Kh2 Rc1 37. Rd7 Nb5 38. g6 fxg6 39. hxg6 Kf8 40. Rf7+ Kg8 41. Rxb7 Kf8 42. Rf7+ Kg8 43. c4 dxc4 44. Bxc6 Rc2+ 45. Kh3 Rc3+ 46. Kh4 cxb3 47. Bxb5 b2 48. Rb7 Kf8 49. Bd7 Rc7 50. Rb8+ Ke7 51. Bf5 Kf6 52. Rb6+ Ke5 53. Rxb2 Rc3 54. Re2+ Kf6 55. Re6# 1-0


[Site "https://www.chess.com"]

[Event "Titled Tuesday Blitz December 06 Early 2022"]
[White "Liu, Casper"]
[Black "HSH1987"]
[WhiteFideId "1454153"]
[WhiteElo "2217"]
[BlackElo "2518"]
[Result "0-1"]
[Round "02"]
[TimeControl "180+1"]
[Date "2022.12.07"]
[WhiteClock "0:00:29"]
[BlackClock "0:00:32"]

1. d4 Nf6 2. c4 c5 3. d5 b5 4. cxb5 a6 5. b6 d6 6. Nc3 Nbd7 7. e4 g6 8. Nf3 Rb8 9. Be2 Bg7 10. O-O O-O 11. h3 Rxb6 12. Qc2 a5 13. Be3 Ba6 14. Bxa6 Rxa6 15. Nd2 Rb6 16. Nc4 Rb4 17. Qe2 Qc7 18. a3 Rb3 19. Qc2 Rfb8 20. a4 R3b4 21. Nb5 Qd8 22. Bd2 Nb6 23. Bxb4 axb4 24. a5 Nc8 25. Na7 Nxa7 26. Nb6 Nd7 27. Nc4 Qc8 28. f4 Qa6 29. f5 Nb5 30. fxg6 hxg6 31. Qf2 Bd4 32. Ne3 Nf6 33. Kh1 Kg7 34. Rae1 Qxa5 35. Qg3 Bxe3 36. Rxe3 Nd4 37. e5 dxe5 38. Qxe5 Qa6 39. Qxb8 Qxf1+ 40. Kh2 Ne2 41. h4 Qg1+ 42. Kh3 Qxe3+ 43. g3 Qxg3+ 44. Qxg3 Nxg3 45. Kxg3 Nxd5 46. h5 gxh5 47. b3 c4 48. Kf3 cxb3 49. Ke4 b2 50. Ke5 b1=Q 51. Kd4 b3 52. Ke5 b2 53. Kd4 Qd1+ 54. Ke5 f6+ 55. Ke6 Nf4+ 56. Kxe7 b1=Q 57. Ke8 Qb8+ 58. Ke7 Qc7+ 59. Ke8 Qdd8# 0-1


[Site "https://www.chess.com"]

[Event "Titled Tuesday Blitz December 06 Early 2022"]
[White "Liyanage, Ranindu Dilshan"]
[Black "Firouzja, Alireza"]
[WhiteFideId "9915834"]
[BlackFideId "12573981"]
[WhiteElo "2199"]
[BlackElo "2904"]
[Result "0-1"]
[Round "02"]
[TimeControl "180+1"]
[Date "2022.12.06"]
[WhiteClock "0:00:03"]
[BlackClock "0:00:09"]

1. e4 e6 2. d4 d5 3. Nc3 dxe4 4. Nxe4 Nd7 5. Nf3 Ngf6 6. Nxf6+ Nxf6 7. Bd3 c5 8. dxc5 Bxc5 9. O-O Bf8 10. Qe2 Bd7 11. Bf4 Bc6 12. Rad1 Qa5 13. Ne5 Be7 14. Nc4 Qd5 15. f3 Qh5 16. Nd6+ Bxd6 17. Bxd6 Rd8 18. Ba3 Rd7 19. Bc4 Kd8 20. Qe3 Qa5 21. Bc5 b6 22. b4 Qa4 23. Bb3 Qa6 24. Bd4 Ke7 25. c4 Qc8 26. Qg5 Rhd8 27. Be5 Rxd1 28. Rxd1 Rxd1+ 29. Bxd1 Qd7 30. Bc2 Kf8 31. Bxf6 gxf6 32. Qxf6 Qd2 33. h4 Qxc2 34. h5 Qxc4 35. Qd8+ Be8 36. Qf6 Qxb4 37. Qh8+ Ke7 38. Qxh7 Qd4+ 39. Kh1 Bb5 40. h6 Bd3 41. Qg7 Qxg7 42. hxg7 Bh7 0-1


[Site "https://www.chess.com"]

[Event "Titled Tuesday Blitz December 06 Early 2022"]
[White "Lohani, Sujana"]
[Black "Ahn, Hongjin"]
[WhiteFideId "12311987"]
[BlackFideId "13201492"]
[WhiteElo "1718"]
[BlackElo "2182"]
[Result "1/2-1/2"]
[Round "02"]
[TimeControl "180+1"]
[Date "2022.12.07"]
[WhiteClock "0:00:24"]
[BlackClock "0:00:40"]

1. d4 c5 2. Nf3 cxd4 3. Nxd4 Nf6 4. g3 g6 5. Bg2 Bg7 6. O-O O-O 7. c3 Nc6 8. e4 d6 9. h3 Bd7 10. Kh2 Rc8 11. Be3 Ne5 12. Nd2 b5 13. N2f3 Nc4 14. Qe2 Nxe4 15. b3 Nxc3 16. Qd3 Nxe3 17. Qxe3 e5 18. Ne2 Nxe2 19. Qxe2 Bc6 20. Rad1 Qc7 21. Qe3 d5 22. Rfe1 d4 23. Qg5 f6 24. Qd2 Rfe8 25. Rc1 Qb7 26. Rxc6 Qxc6 27. Nxe5 Qc3 28. Bd5+ Kh8 29. Nf7+ Kg8 30. Ne5+ Kh8 31. Nf7+ Kg8 32. Ne5+ 1/2-1/2


[Site "https://www.chess.com"]

[Event "Titled Tuesday Blitz December 06 Early 2022"]
[White "Lorenzo De La Riva, Lazaro"]
[Black "Dilanyan, Grigor"]
[WhiteFideId "2268809"]
[BlackFideId "13303570"]
[WhiteElo "2294"]
[BlackElo "2229"]
[Result "1-0"]
[Round "02"]
[TimeControl "180+1"]
[Date "2022.12.07"]
[WhiteClock "0:01:26"]
[BlackClock "0:00:15"]

1. e4 c6 2. d4 d5 3. Nc3 dxe4 4. Bc4 Nf6 5. f3 Bf5 6. g4 Bg6 7. g5 e6 8. gxf6 Qxf6 9. h4 exf3 10. Nxf3 Bh5 11. Be2 Bd6 12. Ne4 Qe7 13. Nxd6+ Qxd6 14. Ne5 Bxe2 15. Qxe2 Nd7 16. Nxd7 Qxd7 17. Be3 O-O-O 18. O-O-O Qd5 19. Kb1 Rhe8 20. Rhg1 g6 21. Bg5 Rd7 22. c4 Qf5+ 23. Qd3 Qxd3+ 24. Rxd3 h5 25. Rgd1 f5 26. Kc2 Rd6 27. d5 cxd5 28. cxd5 exd5 29. Rxd5 Re2+ 30. R1d2 Rxd5 31. Rxe2 Rc5+ 32. Kd3 Rd5+ 33. Kc4 Rd6 34. Re8+ Kd7 35. Rd8+ Kc6 36. Rxd6+ Kxd6 37. Kd4 Kc6 38. b4 Kd6 39. a4 a6 40. a5 Ke6 41. Kc5 Ke5 42. Kb6 f4 43. Kxb7 f3 44. Be3 g5 45. hxg5 h4 46. Kxa6 h3 47. g6 Kf6 48. b5 h2 49. b6 h1=Q 50. b7 Qf1+ 51. Ka7 Qd3 52. Bb6 Kxg6 53. b8=Q Kf5 54. Qf8+ Kg4 55. Qg7+ Kh3 56. Qh6+ Kg2 57. Qg5+ Kf1 58. Qg1+ Ke2 59. Qf2+ Kd1 60. Qd4 Qxd4 61. Bxd4 Ke2 62. a6 Kd3 63. Bb6 Ke2 64. Kb7 f2 65. Bxf2 Kxf2 66. a7 Ke2 67. a8=Q Kd3 68. Qa6+ Kc2 69. Qb5 Kc3 70. Qa4 Kd3 71. Qb4 Ke3 72. Qc4 Kf3 73. Qd4 Kg2 74. Qe3 Kh1 75. Qg5 Kh2 76. Qg4 Kh1 77. Kc6 Kh2 78. Kd5 Kh1 79. Ke4 Kh2 80. Kf3 Kh1 81. Qg2# 1-0


[Site "https://www.chess.com"]

[Event "Titled Tuesday Blitz December 06 Early 2022"]
[White "Madaminov, Mukhiddin"]
[Black "Gong, Qianyun"]
[WhiteFideId "14210703"]
[BlackFideId "8602425"]
[WhiteElo "2333"]
[BlackElo "2199"]
[Result "1-0"]
[Round "02"]
[TimeControl "180+1"]
[Date "2022.12.07"]
[WhiteClock "0:00:55"]
[BlackClock "0:00:35"]

1. d4 d5 2. Nc3 c6 3. Bf4 Nf6 4. e3 Bf5 5. f3 h5 6. Bd3 Bxd3 7. Qxd3 Nbd7 8. Nge2 h4 9. O-O-O e6 10. e4 Qa5 11. Kb1 O-O-O 12. Nc1 Bb4 13. Nb3 Qa6 14. Qxa6 bxa6 15. Rhe1 a5 16. a3 a4 17. axb4 axb3 18. cxb3 Nb6 19. Kc2 Kb7 20. h3 Nh5 21. Be5 f6 22. Bh2 Rd7 23. exd5 exd5 24. Na4 Nxa4 25. bxa4 g5 26. Re6 Rg8 27. Rde1 Rgg7 28. Re8 Nf4 29. Bxf4 gxf4 30. R1e2 Rg6 31. Rh8 Rdg7 32. Rxh4 Rxg2 33. Rxg2 Rxg2+ 34. Kc3 Rg3 35. Rxf4 Rxh3 36. Rxf6 a6 37. b3 Kc7 38. b5 axb5 39. axb5 cxb5 40. Kb4 Rh1 41. Kxb5 Rc1 42. f4 Kd7 43. f5 Rc3 44. Kb4 Rc2 45. Ra6 Ke7 46. f6+ Kf7 47. Rd6 Rc1 48. Kb5 Rc3 49. b4 Rc1 50. Rxd5 Kxf6 51. Rc5 Rb1 52. Ka5 Ke6 53. b5 Kd6 54. b6 Ra1+ 55. Kb5 Rb1+ 56. Ka6 Rb4 57. b7 Rxd4 58. Rb5 Ra4+ 59. Kb6 1-0


[Site "https://www.chess.com"]

[Event "Titled Tuesday Blitz December 06 Early 2022"]
[White "Maksimovic, Bojan"]
[Black "Leve, Nitai"]
[WhiteFideId "14408120"]
[BlackFideId "2006898"]
[WhiteElo "2462"]
[BlackElo "2144"]
[Result "1-0"]
[Round "02"]
[TimeControl "180+1"]
[Date "2022.12.07"]
[WhiteClock "0:01:43"]
[BlackClock "0:00:12"]

1. e4 e6 2. d4 d5 3. Nc3 Nf6 4. Bg5 dxe4 5. Nxe4 Be7 6. Bxf6 gxf6 7. Nf3 a6 8. g3 O-O 9. Bg2 f5 10. Nc3 Nc6 11. O-O Bf6 12. d5 Bxc3 13. dxc6 Bg7 14. Nd2 bxc6 15. Nc4 Rb8 16. c3 c5 17. Qa4 Bb7 18. Bxb7 Rxb7 19. Qxa6 Qa8 20. Qxa8 Rxa8 21. a4 Rba7 22. a5 Kf8 23. Rfd1 Ke7 24. Kf1 Rd8 25. Ke2 Rd5 26. Ne3 Rxd1 27. Kxd1 Kd6 28. Kc2 Kc6 29. Nc4 Kb5 30. b3 c6 31. Rd1 Bf6 32. f3 h5 33. h3 h4 34. g4 fxg4 35. fxg4 Be7 36. Rf1 Bd8 37. Nd6+ Ka6 38. Rxf7 Rxf7 39. Nxf7 Bxa5 40. Ng5 e5 41. Nf3 Bc7 42. Nxh4 e4 43. Nf5 Bf4 44. h4 Kb5 45. h5 c4 46. b4 e3 47. Kd1 c5 48. bxc5 Kxc5 49. h6 Be5 50. g5 Bxc3 51. g6 Kd5 52. g7 Ke4 53. g8=Q Kxf5 54. Qxc4 1-0


[Site "https://www.chess.com"]

[Event "Titled Tuesday Blitz December 06 Early 2022"]
[White "Manon-og, Ramon Jr."]
[Black "Mortazavi, Ali"]
[WhiteFideId "5200776"]
[BlackFideId "401323"]
[WhiteElo "2324"]
[BlackElo "2339"]
[Result "1-0"]
[Round "02"]
[TimeControl "180+1"]
[Date "2022.12.07"]
[WhiteClock "0:00:09"]
[BlackClock "0:00:01"]

1. e4 c6 2. d4 d5 3. e5 Bf5 4. Nd2 e6 5. Nb3 Ne7 6. Nf3 Ng6 7. Be2 Nd7 8. O-O f6 9. exf6 Qxf6 10. c4 Bd6 11. Bg5 Qf7 12. Re1 O-O 13. Nbd2 h6 14. Be3 Nf4 15. Nf1 Bg4 16. Bxf4 Bxf4 17. Ng3 Rae8 18. b3 Kh8 19. Qc2 Qf6 20. Rad1 Bb8 21. Rf1 Re7 22. Ne5 Bxe5 23. dxe5 Nxe5 24. f4 Ng6 25. Bxg4 Nxf4 26. Nh5 Qg5 27. Nxf4 Rxf4 28. Rxf4 Qxf4 29. Bf3 Qf6 30. Qd2 a6 31. cxd5 exd5 32. Re1 g5 33. Rxe7 Qxe7 34. Qd4+ Kg8 35. h3 a5 36. Qa7 Qe1+ 37. Kh2 Qe5+ 38. g3 Qb2+ 39. Bg2 Qxa2 40. Qxb7 Qc2 41. Qc8+ Kg7 42. Qc7+ Kf6 43. Qxa5 Ke5 44. b4 Kd4 45. Qb6+ Kd3 46. h4 gxh4 47. gxh4 Ke2 48. Qa6+ Ke1 49. Qa1+ Kf2 50. Qf6+ Ke3 51. Qxh6+ Kd4 52. Qd6 Ke3 53. Qc5+ Kf4 54. Qxc2 1-0


[Site "https://www.chess.com"]

[Event "Titled Tuesday Blitz December 06 Early 2022"]
[White "Martinez Alcantara, Jose Eduardo"]
[Black "Weetik, Vjacheslav"]
[WhiteFideId "3805662"]
[BlackFideId "4153472"]
[WhiteElo "2707"]
[BlackElo "2469"]
[Result "1-0"]
[Round "02"]
[TimeControl "180+1"]
[Date "2022.12.06"]
[WhiteClock "0:01:22"]
[BlackClock "0:00:02"]

1. e4 c5 2. Nf3 Nc6 3. c3 e6 4. d4 d5 5. exd5 exd5 6. Be3 cxd4 7. Nxd4 Nf6 8. Nd2 Bd6 9. Be2 O-O 10. O-O Re8 11. Re1 a6 12. h3 Bc7 13. N2f3 Qd6 14. Bd3 Ne4 15. c4 Nxd4 16. Bxd4 Bf5 17. c5 Qd7 18. Bf1 Rac8 19. Qb3 Bb8 20. Rad1 h6 21. Be3 Be6 22. Qb4 Qc7 23. Rc1 Ng5 24. Bxg5 hxg5 25. g3 f6 26. Nd4 Bf7 27. c6 Qd7 28. cxd7 1-0


[Site "https://www.chess.com"]

[Event "Titled Tuesday Blitz December 06 Early 2022"]
[White "Martinez Reyes, Pedro Ramon"]
[Black "Carrasco Miranda, Andres"]
[WhiteFideId "3901807"]
[BlackFideId "3405990"]
[WhiteElo "2354"]
[BlackElo "2183"]
[Result "1-0"]
[Round "02"]
[TimeControl "180+1"]
[Date "2022.12.07"]
[WhiteClock "0:00:58"]
[BlackClock "0:00:39"]

1. d4 Nf6 2. Bf4 g6 3. Nc3 d5 4. Qd2 c6 5. O-O-O b5 6. Kb1 Nbd7 7. f3 Nb6 8. e4 b4 9. Nce2 dxe4 10. Nc1 Nfd5 11. fxe4 Nxf4 12. Qxf4 h5 13. Nf3 Bh6 14. Qe5 O-O 15. Be2 a5 16. h3 a4 17. g4 b3 18. gxh5 bxc2+ 19. Kxc2 Bg7 20. Qg3 a3 21. b3 Qd6 22. Qxd6 exd6 23. hxg6 fxg6 24. Rdg1 Rf6 25. Rg3 Ra5 26. Rhg1 Rh5 27. h4 c5 28. dxc5 dxc5 29. Rxg6 Rxg6 30. Rxg6 Nd7 31. Nd3 Bb7 32. Rd6 Nf6 33. Rd8+ Kf7 34. Ng5+ Ke7 35. Rb8 Bxe4 36. Bxh5 Bxd3+ 37. Kxd3 Nxh5 38. Rb7+ Kf6 39. Ne4+ Ke5 40. Nxc5 Bf6 41. Nd7+ Ke6 42. Nxf6 Kxf6 43. Rb6+ Kf5 44. Rb5+ Kg4 45. Rxh5 Kxh5 46. b4 Kxh4 47. b5 1-0


[Site "https://www.chess.com"]

[Event "Titled Tuesday Blitz December 06 Early 2022"]
[White "Matinian, Nikita"]
[Black "Battlecruiser_Operational"]
[WhiteFideId "24129100"]
[WhiteElo "2422"]
[BlackElo "2229"]
[Result "1-0"]
[Round "02"]
[TimeControl "180+1"]
[Date "2022.12.07"]
[WhiteClock "0:01:37"]
[BlackClock "0:01:19"]

1. e4 c6 2. d4 d5 3. e5 Bf5 4. Nf3 e6 5. Be2 Nd7 6. O-O h6 7. Nbd2 Ne7 8. Nb3 Bh7 9. a4 g5 10. Ne1 Bg7 11. Nd3 Nf5 12. f4 Qe7 13. a5 a6 14. Bd2 gxf4 15. Bxf4 O-O-O 16. Qd2 f6 17. exf6 Bxf6 18. c3 e5 19. dxe5 Nxe5 20. Nxe5 Bxe5 21. Bg4 Rhf8 22. Rae1 Bxf4 23. Qxf4 Qg5 24. Qxg5 hxg5 25. Re5 Kc7 26. Bxf5 Kd6 27. Re6+ 1-0


[Site "https://www.chess.com"]

[Event "Titled Tuesday Blitz December 06 Early 2022"]
[White "Matveeva, Olga"]
[Black "Artemenko, Oleg"]
[WhiteFideId "24107018"]
[BlackFideId "14201798"]
[WhiteElo "2056"]
[BlackElo "2287"]
[Result "0-1"]
[Round "02"]
[TimeControl "180+1"]
[Date "2022.12.07"]
[WhiteClock "0:00:08"]
[BlackClock "0:00:22"]

1. d4 e6 2. c4 Nf6 3. g3 c5 4. d5 exd5 5. cxd5 d6 6. Nc3 g6 7. Nf3 Bg7 8. Bg2 O-O 9. O-O Re8 10. Nd2 a6 11. a4 Nbd7 12. h3 Ne5 13. f4 Ned7 14. e4 Rb8 15. Nc4 Qc7 16. e5 dxe5 17. fxe5 Nxe5 18. Nxe5 Rxe5 19. Bf4 Nd7 20. d6 Qd8 21. Bxe5 Bxe5 22. Qf3 Bd4+ 23. Kh2 Ne5 24. Qf4 Qxd6 25. Ne4 Qe7 26. Nf6+ Kg7 27. Rae1 Bf5 28. Nh5+ Kg8 29. Qh6 gxh5 30. Rxf5 Nf3+ 31. Bxf3 Qxe1 32. Rg5+ Kh8 33. h4 Qe6 34. Qxh5 Re8 35. Bg2 Bxb2 36. Rxc5 Be5 37. Qg5 Qd6 38. Rd5 Qc7 39. a5 f6 40. Qf5 Bxg3+ 41. Kh3 Qf4 42. Qxf4 Bxf4 43. Rd7 Rg8 44. h5 Rg3+ 45. Kh4 Rxg2 46. Rxb7 Bg5+ 47. Kh3 Ra2 48. h6 Bxh6 0-1


[Site "https://www.chess.com"]

[Event "Titled Tuesday Blitz December 06 Early 2022"]
[White "Meduri, Aakaash"]
[Black "Belozerov, Andrei"]
[WhiteFideId "2032252"]
[BlackFideId "4120213"]
[WhiteElo "2113"]
[BlackElo "2360"]
[Result "1-0"]
[Round "02"]
[TimeControl "180+1"]
[Date "2022.12.07"]
[WhiteClock "0:00:07"]
[BlackClock "0:00:08"]

1. d4 d5 2. Bf4 Nf6 3. Nc3 c5 4. e3 cxd4 5. exd4 Bg4 6. f3 Bd7 7. Bd3 Nc6 8. Nge2 Nb4 9. Bb5 e6 10. O-O a6 11. Bxd7+ Qxd7 12. a3 Nc6 13. Na4 Qd8 14. b4 Bd6 15. Bxd6 Qxd6 16. Qd3 O-O 17. Rac1 b6 18. Rfd1 Ne7 19. c4 dxc4 20. Qxc4 Nfd5 21. Qd3 Rfc8 22. Ng3 a5 23. Ne4 Qf4 24. Rxc8+ Rxc8 25. bxa5 bxa5 26. Nac5 Rb8 27. g3 Qe3+ 28. Qxe3 Nxe3 29. Rd2 N7d5 30. f4 h6 31. Kf2 Rb1 32. Ke2 Nc4 33. Ra2 f5 34. Nd2 Nxd2 35. Kxd2 Kf7 36. Kd3 g5 37. Re2 h5 38. Nxe6 a4 39. Nxg5+ Kf6 40. Re6+ Kg7 41. Kc4 Nf6 42. Re7+ Kg6 43. Ra7 Ne4 44. Ra6+ Kg7 45. Rxa4 Nd2+ 46. Kd5 Rb5+ 47. Kc6 Rb3 48. Ra7+ Kf6 49. d5 Rc3+ 50. Kd7 Rd3 51. Ra6+ Kg7 52. d6 Nc4 53. Ke7 Re3+ 54. Ne6+ Kg6 55. d7 Nxa3 56. Rxa3 Rxa3 57. d8=Q Ra7+ 58. Nc7 Rxc7+ 59. Qxc7 h4 60. Qd6+ Kh5 61. Qf6 h3 62. Qg5# 1-0


[Site "https://www.chess.com"]

[Event "Titled Tuesday Blitz December 06 Early 2022"]
[White "Melaugh, Shane"]
[Black "Cramling Bellon, Anna"]
[WhiteFideId "2509580"]
[BlackFideId "32009232"]
[WhiteElo "2025"]
[BlackElo "1972"]
[Result "1-0"]
[Round "02"]
[TimeControl "180+1"]
[Date "2022.12.07"]
[WhiteClock "0:00:31"]
[BlackClock "0:00:01"]

1. c4 c5 2. Nc3 Nc6 3. g3 g6 4. Bg2 Bg7 5. e4 d6 6. Nge2 e5 7. d3 Nge7 8. h4 h5 9. a3 O-O 10. Rb1 Nd4 11. O-O Bg4 12. f3 Be6 13. b4 b6 14. Kh2 f5 15. Bg5 Qe8 16. Nxd4 cxd4 17. Nd5 Nxd5 18. exd5 Bd7 19. f4 e4 20. Re1 e3 21. Rc1 Rc8 22. b5 Rc7 23. Qb3 Qc8 24. Qb4 Rc5 25. Be7 a5 26. Qb2 Qb8 27. Bxf8 Qxf8 28. Bf3 Bf6 29. Qe2 Qe7 30. Bxh5 gxh5 31. Qxh5 Qg7 32. Rg1 Rc8 33. a4 Qh7 34. Qf3 Re8 35. Rc2 Re7 36. Rcg2 Kh8 37. c5 bxc5 38. b6 Bc8 39. Rb1 Ba6 40. Qe2 Qg7 41. Rb3 Qg4 42. Kg1 1-0


[Site "https://www.chess.com"]

[Event "Titled Tuesday Blitz December 06 Early 2022"]
[White "Mgeladze, Tamaz"]
[Black "Dudzinski, Pawel"]
[WhiteFideId "13601202"]
[BlackFideId "1117890"]
[WhiteElo "2288"]
[BlackElo "2099"]
[Result "1-0"]
[Round "02"]
[TimeControl "180+1"]
[Date "2022.12.07"]
[WhiteClock "0:00:21"]
[BlackClock "0:00:07"]

1. c4 e5 2. g3 c5 3. Bg2 Nc6 4. Nc3 g6 5. Nf3 Bg7 6. O-O Rb8 7. d3 Nge7 8. a3 f5 9. Rb1 a6 10. Bg5 b5 11. Nd5 h6 12. Bf6 O-O 13. Nxe7+ Nxe7 14. Bxe5 Bxe5 15. Nxe5 d6 16. Nf3 b4 17. axb4 Rxb4 18. Qd2 Kh7 19. b3 Qb6 20. d4 Rxb3 21. Rxb3 Qxb3 22. dxc5 dxc5 23. Qd6 Rf7 24. Qxc5 Be6 25. Ne5 Rg7 26. h4 Qb2 27. e3 g5 28. hxg5 hxg5 29. Qd6 Ng6 30. Qxe6 Qxe5 31. Qxa6 f4 32. Qb5 fxg3 33. Qxe5 gxf2+ 34. Rxf2 Nxe5 35. Be4+ Kg8 36. Rf5 Ng4 37. Bd5+ Kh7 38. e4 Ne3 39. Rf3 Nc2 40. c5 g4 41. Rc3 Nd4 42. Kg2 Rc7 43. c6 Kg6 44. Rc4 Nb5 45. Rb4 Nd6 46. Rb7 Nxb7 47. cxb7 Rc2+ 48. Kg3 Rb2 49. Kxg4 Kf6 50. Kf4 Rb4 51. Ke3 Ke5 52. Kd3 Kd6 53. Kc3 Rb6 54. Kc4 Rb1 55. Kd4 Rb4+ 56. Kc3 Rb1 57. Kc2 Rb6 58. Kd3 Rb4 59. Ke3 Ke5 60. Kf3 Rb2 61. Kg4 Rb4 62. Kg5 Rb6 63. Bc6 Kd6 64. Bd5 Ke5 65. Kh5 Kf6 66. Kh6 Ke5+ 67. Kg7 Kd6 68. Kf7 Kd7 69. Kf8 Rb4 70. Kf7 Kd6 71. Kf6 Rb6 72. Kf5 Rb5 73. Kf6 Rb6 74. Kf7 Kd7 75. e5 Rb5 76. e6+ Kd6 77. e7 Rxb7 78. Bxb7 1-0


[Site "https://www.chess.com"]

[Event "Titled Tuesday Blitz December 06 Early 2022"]
[White "Mihailidis, Anastasios"]
[Black "Concio, Michael Jr."]
[WhiteFideId "4205588"]
[BlackFideId "5217873"]
[WhiteElo "2312"]
[BlackElo "2263"]
[Result "0-1"]
[Round "02"]
[TimeControl "180+1"]
[Date "2022.12.07"]
[WhiteClock "0:00:10"]
[BlackClock "0:00:06"]

1. e4 e5 2. Nf3 Nc6 3. d4 exd4 4. Nxd4 Nf6 5. Nc3 d5 6. Nxc6 bxc6 7. exd5 Nxd5 8. Nxd5 Qxd5 9. Qxd5 cxd5 10. Bb5+ Bd7 11. Bxd7+ Kxd7 12. O-O c6 13. Rd1 Kc7 14. Bf4+ Bd6 15. Bxd6+ Kxd6 16. c4 Rhe8 17. cxd5 cxd5 18. Rd2 Re5 19. Rad1 Rae8 20. Kf1 Rc8 21. Re2 f6 22. f4 Rf5 23. Rf2 Rc4 24. g3 g5 25. fxg5 Rxf2+ 26. Kxf2 Rc2+ 27. Ke3 fxg5 28. Rd2 Rc1 29. Rf2 Ke6 30. Kd4 Rd1+ 31. Kc5 d4 32. Kc4 Ke5 33. Re2+ Kf5 34. b4 Kg4 35. h4 Kf3 36. Re7 g4 37. Rxh7 Kxg3 38. Rxa7 Kxh4 39. b5 g3 40. a4 d3 41. b6 Rb1 42. a5 d2 43. Rd7 d1=Q 44. Rxd1 Rxd1 45. b7 Rb1 46. a6 g2 47. a7 g1=Q 48. a8=Q Qc1+ 49. Kd5 Qd2+ 50. Kc6 Rc1+ 51. Kb6 Qb2+ 52. Ka7 Ra1+ 53. Kb8 Qh8+ 54. Kc7 Rxa8 55. bxa8=Q Qxa8 0-1


[Site "https://www.chess.com"]

[Event "Titled Tuesday Blitz December 06 Early 2022"]
[White "Mikhailovsky, Vladimir"]
[Black "Urbina Perez, Juan Antonio"]
[WhiteFideId "34105414"]
[BlackFideId "2217368"]
[WhiteElo "2295"]
[BlackElo "2197"]
[Result "1/2-1/2"]
[Round "02"]
[TimeControl "180+1"]
[Date "2022.12.07"]
[WhiteClock "0:00:03"]
[BlackClock "0:00:25"]

1. e4 c5 2. Nf3 d6 3. d4 cxd4 4. Nxd4 Nf6 5. Nc3 a6 6. Rg1 h5 7. Be3 e5 8. Nb3 Be6 9. h3 Be7 10. g4 hxg4 11. hxg4 d5 12. exd5 Nxd5 13. Nxd5 Qxd5 14. Qxd5 Bxd5 15. O-O-O Bf3 16. Re1 Nc6 17. Bc4 Rd8 18. Bb6 Rd7 19. Nc5 Bxc5 20. Bxc5 Bd5 21. Bd3 f6 22. Bf5 Rd8 23. Bb6 Ra8 24. Rd1 Ne7 25. Bd3 Be6 26. g5 f5 27. g6 Rh6 28. Be2 Nd5 29. Bc5 Nf4 30. Bf3 e4 31. Be3 Rh4 32. Rh1 Rxh1 33. Rxh1 Kd7 34. Bxf4 exf3 35. Rh7 Rg8 36. Be5 Kc6 37. Bxg7 f4 38. Kd2 Bf5 39. Be5 Rd8+ 40. Kc3 Bxg6 41. Rh6 Kd5 42. Bxf4 Rc8+ 43. Kb4 Bxc2 44. Rd6+ Ke4 45. Be3 Rc7 46. Rd4+ Ke5 47. Rh4 Kd5 48. Rd4+ Ke5 49. Rf4 Be4 50. Rh4 Rf7 51. Rh5+ Ke6 52. Rh6+ Ke5 53. Rh5+ Ke6 54. Kc3 Bc6 55. Kd4 Rf5 56. Rh6+ Kf7 57. Rd6 Rf6 58. Rd8 Ke7 59. Rb8 Rd6+ 60. Kc3 Rd5 61. b3 Kf7 62. Rh8 Rd1 63. Rh4 Ra1 64. a4 Ke6 65. Rh6+ Kf5 66. Rh5+ Kg6 67. Rg5+ Kf6 68. Rh5 Rd1 69. a5 Rd5 70. Rxd5 Bxd5 71. b4 Bc6 72. Kd4 Kf5 73. Kc5 Ke4 1/2-1/2


[Site "https://www.chess.com"]

[Event "Titled Tuesday Blitz December 06 Early 2022"]
[White "Miszler, Levente"]
[Black "Putnam, Liam"]
[WhiteFideId "763276"]
[BlackFideId "30938279"]
[WhiteElo "2176"]
[BlackElo "2082"]
[Result "0-1"]
[Round "02"]
[TimeControl "180+1"]
[Date "2022.12.07"]
[WhiteClock "0:00:20"]
[BlackClock "0:00:06"]

1. Nf3 d5 2. c4 d4 3. e3 Nc6 4. exd4 Nxd4 5. Nxd4 Qxd4 6. Nc3 e5 7. d3 Nf6 8. Be3 Qd8 9. d4 e4 10. Qd2 Bb4 11. a3 Bd6 12. c5 Be7 13. d5 Bg4 14. Bc4 O-O 15. h3 Bh5 16. O-O Re8 17. Rfe1 Bg6 18. b4 Nd7 19. Bf4 Bf6 20. Rac1 a5 21. Bb5 axb4 22. axb4 Ra3 23. d6 c6 24. Bc4 b5 25. Nxb5 cxb5 26. Bxb5 Rf8 27. Bxd7 Qxd7 28. c6 Qa7 29. c7 Bf5 30. d7 Rd3 31. Qxd3 exd3 32. c8=Q Qxd7 33. Qxd7 Bxd7 34. Red1 Bf5 35. g4 Be4 36. Bd6 Rd8 37. Bc5 h6 38. b5 d2 39. Rc4 Bf3 40. Bb6 Bxd1 41. Bxd8 Be2 42. Bxf6 d1=Q+ 43. Kh2 Bxc4 0-1


[Site "https://www.chess.com"]

[Event "Titled Tuesday Blitz December 06 Early 2022"]
[White "Mohammed, Dilshad"]
[Black "Dimitrov, Atanas"]
[WhiteFideId "5050421"]
[BlackFideId "2901315"]
[WhiteElo "2102"]
[BlackElo "2612"]
[Result "1-0"]
[Round "02"]
[TimeControl "180+1"]
[Date "2022.12.07"]
[WhiteClock "0:00:32"]
[BlackClock "0:00:01"]

1. Nf3 d5 2. c4 e6 3. g3 Nf6 4. Bg2 Be7 5. O-O O-O 6. cxd5 exd5 7. d4 Bf5 8. Nc3 h6 9. Qb3 b6 10. Ne5 Be6 11. Qc2 c6 12. a4 Nfd7 13. Nxd7 Nxd7 14. Rd1 Nf6 15. e4 dxe4 16. Nxe4 Nxe4 17. Bxe4 Rc8 18. Qe2 Bf6 19. Be3 Re8 20. Qf3 Qd7 21. Rdc1 Bd5 22. Bxd5 cxd5 23. a5 Qb5 24. axb6 axb6 25. Rxc8 Rxc8 26. Rd1 Rc2 27. Bxh6 Qxb2 28. Be3 Qb3 29. Ra1 Rc8 30. Qf5 Rd8 31. Rb1 Qc3 32. Rxb6 Bxd4 33. Bxd4 Qxd4 34. Rc6 Qa4 35. Rc8 Qa5 36. Rxd8+ Qxd8 37. Qd3 d4 38. h4 Qd5 39. Kf1 Qe5 40. Qe2 Qd5 41. Qd3 g6 42. Ke2 Qe5+ 43. Kd2 Qf6 44. Qe2 Qc6 45. Qd3 Qb6 46. Ke2 Qe6+ 47. Kf3 Qf6+ 48. Ke2 Qe5+ 49. Kd2 Qd5 50. Ke2 Kg7 51. Qf3 Qc4+ 52. Qd3 Qb4 53. Kf3 Qb2 54. Qe2 Qc3+ 55. Ke4 f5+ 56. Kd5 d3 57. Qe7+ Kh6 58. Qg5+ Kh7 59. h5 Qb3+ 60. Kd4 gxh5 61. Qxf5+ Kh6 62. Qxd3 Qb4+ 63. Ke3 Qc5+ 64. Kf3 Qc6+ 65. Qe4 Qc3+ 66. Kg2 Kg7 67. Qf4 Qc5 68. Kh3 Qd5 69. Kh4 Kg6 70. f3 Qb5 71. Qe4+ Kg7 72. g4 hxg4 73. fxg4 Qf1 74. Qe5+ Kg6 75. Qe6+ Kg7 76. Kg5 Qc1+ 77. Kf5 Qf1+ 78. Ke4 Qe1+ 79. Kd5 Qd1+ 80. Kc6 Qc2+ 81. Kd7 Qd2+ 82. Ke8 Qb4 83. g5 Qc5 84. Qf6+ Kg8 85. Qf7+ Kh8 86. Qf8+ Kh7 87. Qxc5 1-0


[Site "https://www.chess.com"]